 Dungeon Crawl Stone Soup version 0.20.1-1-g8b1a95d (webtiles) character file.

3315 slep the Carver (level 9, -2/69 HPs)
             Began as a Demonspawn Gladiator on Nov 6, 2017.
             Was a Priest of Qazlal.
             Slain by a two-headed ogre
             ... wielding a +0 giant club
              (15 damage)
             ... on level 8 of the Dungeon.
             The game lasted 00:36:22 (4963 turns).

slep the Carver (Demonspawn Gladiator)              Turns: 4963, Time: 00:36:23

Health: -2/69      AC:  5    Str: 18    XL:     9   Next: 71%
Magic:  0/9        EV: 13    Int: 10    God:    Qazlal [***...]
Gold:   437        SH: 13    Dex: 16    Spells: 8/8 levels left

rFire    . . .     SeeInvis +   a - +0 long sword
rCold    . . .     Gourm    .   v - +0 shield
rNeg     + + .     Faith    .   b - +0 leather armour
rPois    +         Spirit   +   c - +0 helmet
rElec    +         Reflect  .   (no cloak)
rCorr    .         Harm     .   E - +0 pair of gloves "Pygar" {-Tele rElec rN++ Str+2}
MR       .....     NoTele   +   (no boots)
Stlth    +.........             x - amulet of guardian spirit
Regen    0.3/turn               D - ring of see invisible
MPRegen  0.2/turn               (no ring)

@: hasted, very quick
A: talons 2, poison resistance, screaming 1, rot immunity
a: Upheaval, Elemental Force, Renounce Religion


You were on level 8 of the Dungeon.
You worshipped Qazlal.
Qazlal was most pleased with you.
You were not hungry.

You visited 1 branch of the dungeon, and saw 8 of its levels.

You collected 437 gold pieces.

Inventory:

Hand Weapons
 a - a +0 long sword (weapon)
Missiles
 d - 3 throwing nets (quivered)
 t - 95 arrows
 y - 67 bolts
 z - 5 tomahawks
Armour
 b - a +0 leather armour (worn)
 c - a +0 helmet (worn)
 v - a +0 shield (worn)
 E - the +0 pair of gloves "Pygar" (worn) {-Tele rElec rN++ Str+2}
   (You found it on level 7 of the Dungeon)

   It affects your strength (+2).
   It insulates you from electricity.
   It greatly protects you from negative energy.
   It prevents most forms of teleportation.
Jewellery
 n - an uncursed ring of fire
 x - an amulet of guardian spirit (around neck)
 D - a ring of see invisible (left hand)
Wands
 p - a wand of paralysis (10/24)
 q - a wand of iceblast (0/15)
Scrolls
 e - 4 scrolls of teleportation {unknown}
 h - 2 scrolls of enchant weapon {unknown}
 i - 2 scrolls of noise {unknown}
 j - 9 scrolls of identify {unknown}
 k - 2 scrolls of enchant armour {unknown}
 l - 6 scrolls of magic mapping {unknown}
 m - 3 scrolls of fear {unknown}
 w - 2 scrolls of remove curse {unknown}
 B - a scroll of random uselessness {unknown}
 C - a scroll of immolation {unknown}
Potions
 s - a potion of brilliance
Comestibles
 f - 7 bread rations
 g - 5 meat rations
 o - 9 chunks of flesh
 r - 4 fruits
 u - 7 royal jellies


   Skills:
 + Level 5.6 Fighting
 + Level 9.1 Long Blades
 + Level 1.9 Throwing
 + Level 4.1 Armour
 + Level 5.3 Dodging
 + Level 1.4 Stealth
 + Level 3.8 Shields
 + Level 0.6 Evocations


You had 8 spell levels left.
You didn't know any spells.

Dungeon Overview and Level Annotations

Branches:
Dungeon (7/15)
 Temple: D:4-7

Altars:
Ashenzari
Cheibriados
Elyvilon
Hepliaklqana
Qazlal
Sif Muna
Xom
Zin
The Shining One

Shops:
D:5 [


Innate Abilities, Weirdness & Mutations

You have razor-sharp toenails.
You are immune to rotting.
Your system is resistant to poisons. (rPois)
You occasionally shout uncontrollably at your foes.


Message History

The two-headed ogre is heavily wounded.
The two-headed ogre barely misses you. You block the two-headed ogre's attack.
The gnoll closely misses you.
You hit the two-headed ogre.
You claw the two-headed ogre, but do no damage.
The two-headed ogre is heavily wounded.
You block the gnoll's attack.
You block the two-headed ogre's attack. x2
A scorpion comes into view.
You barely miss the two-headed ogre. You claw the two-headed ogre.
The two-headed ogre is heavily wounded.
The gnoll hits you but does no damage.
The two-headed ogre hits you with a giant club!
* * * LOW HITPOINT WARNING * * *
The two-headed ogre hits you but does no damage.
It was a potion of haste.
You feel yourself speed up. The gnoll barely misses you.
You slash the two-headed ogre! You claw the two-headed ogre!
The two-headed ogre is almost dead.
The two-headed ogre hits you with a giant club!!
You die...

###............. #
#......#.#.#..##g#.#
#...?#..###...O....#
##......#.#.#.g####.#
..........%..g.#
.#.#...#####g## ##.##
#)# #s######.#####.
#.@Ogo..........
########.####... #.#
#.. ##.# ##


You could see a two-headed ogre, a scorpion, a gnoll and an orc.

Vanquished Creatures
  The ghost of JirkfaceJones the Magician, a novice DEAE (D:5)
  Sigmund (D:5)
  4 hogs (D:7)
  A human (D:7)
  An orc warrior (D:7)
  2 ice beasts (D:5)
  A black bear (D:7)
  4 ogres
  A phantom (D:6)
  2 centaurs
  2 bullfrogs
  6 scorpions
  A howler monkey (D:4)
  A crimson imp (D:6)
  4 centaur skeletons
  A hound (D:5)
  A gnoll shaman (D:8)
  4 orc priests
  A jelly (D:5)
  An orc wizard (D:4)
  A bullfrog skeleton (D:5)
  An iguana (D:5)
  4 worker ants
  A hound skeleton (D:5)
  A worker ant zombie (D:6)
  5 gnolls
  11 adders
  An adder skeleton (D:5)
  5 worms
  A dart slug (D:2)
  7 leopard geckos
  15 orcs
  7 bats
  5 giant cockroaches
  10 hobgoblins
  10 jackals
  15 frilled lizards
  9 goblins
  A jackal skeleton (D:5)
  9 kobolds
  A quokka zombie (D:7)
  7 rats
  A fungus (D:7)
168 creatures vanquished.

Vanquished Creatures (others)
  A quokka (D:5)
1 creature vanquished.

Grand Total: 169 creatures vanquished

Notes
Turn   | Place    | Note
-------+----------+-------------------------------------------
     0 | D:1      | slep the Demonspawn Gladiator began the quest for the Orb.
     0 | D:1      | Reached XP level 1. HP: 16/16 MP: 1/1
   143 | D:1      | Gained mutation: You have sharp toenails. [demonic ancestry]
   143 | D:1      | Reached XP level 2. HP: 7/22 MP: 2/2
   229 | D:1      | Reached skill level 3 in Long Blades
   296 | D:1      | Reached XP level 3. HP: 10/27 MP: 3/3
   730 | D:2      | Found a snail-covered altar of Cheibriados.
   763 | D:2      | Reached XP level 4. HP: 29/34 MP: 4/4
   850 | D:2      | Found a glowing golden altar of the Shining One.
   909 | D:2      | Found a stormy altar of Qazlal.
  1228 | D:2      | Became a worshipper of Qazlal Stormbringer
  1246 | D:3      | Reached skill level 4 in Long Blades
  1301 | D:3      | Reached skill level 1 in Armour
  1410 | D:3      | Noticed an ogre
  1418 | D:3      | Killed an ogre
  1418 | D:3      | Reached XP level 5. HP: 21/41 MP: 5/5
  1616 | D:3      | Reached XP level 6. HP: 30/47 MP: 6/6
  2024 | D:3      | Found a glowing golden altar of the Shining One.
  2026 | D:3      | Found a hazy altar of Hepliaklqana.
  2026 | D:3      | Found a white marble altar of Elyvilon.
  2028 | D:3      | Found a shimmering altar of Xom.
  2028 | D:3      | Found an opulent altar of Gozag.
  2028 | D:3      | Found a shimmering altar of Xom.
  2039 | D:3      | Reached skill level 5 in Long Blades
  2056 | D:3      | Reached * piety under Qazlal
  2306 | D:4      | Found a glowing silver altar of Zin.
  2806 | D:5      | Entered Level 5 of the Dungeon
  2826 | D:5      | Reached XP level 7. HP: 29/52 MP: 1/7
  2872 | D:5      | Reached skill level 6 in Long Blades
  3239 | D:5      | Reached skill level 1 in Shields
  3340 | D:5      | Reached ** piety under Qazlal
  3340 | D:5      | Gained mutation: You are immune to rotting. [demonic ancestry]
  3340 | D:5      | Reached XP level 8. HP: 28/60 MP: 6/8
  3466 | D:5      | Found Tarick's Armour Shoppe.
  3484 | D:5      | Reached skill level 7 in Long Blades
  3500 | D:5      | HP: 2/60 [acid (4)]
  3507 | D:5      | HP: 1/60 [poisoned by a scorpion]
  3685 | D:5      | Found a white marble altar of Elyvilon.
  3796 | D:5      | Noticed Sigmund
  3812 | D:5      | Killed Sigmund
  3838 | D:5      | Found a hazy altar of Hepliaklqana.
  3900 | D:5      | Found a deep blue altar of Sif Muna.
  3900 | D:5      | Noticed JirkfaceJones's ghost (novice DEAE)
  3936 | D:5      | Killed JirkfaceJones's ghost
  4093 | D:6      | Reached skill level 8 in Long Blades
  4157 | D:6      | Found a shattered altar of Ashenzari.
  4184 | D:6      | Gained mutation: You have razor-sharp toenails. [demonic ancestry]
  4184 | D:6      | Reached XP level 9. HP: 55/67 MP: 7/9
  4207 | D:6      | Reached skill level 1 in Stealth
  4463 | D:7      | Got a pair of shimmering gloves
  4485 | D:7      | Reached skill level 5 in Fighting
  4498 | D:7      | Gained mutation: You occasionally shout uncontrollably at your foes. [potion of mutation]
  4498 | D:7      | Gained mutation: Your system is resistant to poisons. (rPois) [potion of mutation]
  4498 | D:7      | Reached skill level 5 in Dodging
  4601 | D:7      | Reached *** piety under Qazlal
  4614 | D:7      | Identified the +0 pair of gloves "Pygar" {-Tele rElec rN++ Str+2} (You found it on level 7 of the Dungeon)
  4916 | D:7      | You fall through a shaft!
  4930 | D:8      | Noticed a two-headed ogre
  4946 | D:8      | Reached skill level 9 in Long Blades
  4963 | D:8      | Slain by a two-headed ogre

Skill      XL: |  1  2  3  4  5  6  7  8  9 |
---------------+----------------------------+-----
Long Blades    | 3 4 5 6 8 9 |  9.1
Dodging        | 3 4 5 |  5.3
Armour         | 1 2 3 4 |  4.1
Fighting       | 3 4 5 |  5.6
Shields        | 1 2 3 |  3.8
Stealth        | 1 |  1.4
Throwing       | |  1.9
Evocations     | |  0.6

Action                   |  1- 3 |  4- 6 |  7- 9 || total
-------------------------+-------+-------+-------++-------
Melee: Long sword        |    97 |   170 |   314 ||   581
       Kick              |    16 |    59 |   121 ||   196
Evoke: Wand              |       |     1 |     3 ||     4
  Use: Potion            |       |     3 |     6 ||     9
  Eat: Chunk             |       |     7 |     6 ||    13
       Fruit             |       |       |     1 ||     1
Armor: Leather armour    |    14 |    39 |    38 ||    91
Dodge: Dodged            |    64 |    91 |   118 ||   273
Block: Shield            |       |    11 |   168 ||   179
       Rpst.: Long sword |    20 |    38 |    40 ||    98
